 Dungeon Crawl Stone Soup version 0.30-a0-218-gedb9141078 (webtiles) character file.

Game seed: 6388866272632257314

3580 ryw the Carver (level 10, -9/80 HPs)
             Began as a Human Fighter on Oct 5, 2022.
             Was a Follower of Okawaru.
             Mangled by an orc knight
             ... wielding a +0 halberd
              (24 damage)
             ... in a bailey.
             The game lasted 00:13:42 (7685 turns).

ryw the Carver (Human Fighter)                      Turns: 7685, Time: 00:13:43

Health: -9/80      AC: 19    Str: 24    XL:     10   Next: 31%
Magic:  10/10      EV:  6    Int:  8    God:    Okawaru [*.....]
Gold:   378        SH:  5    Dex: 18    Spells: 9/9 levels left

rFire   + + +      SeeInvis .    d - +7 falchion of Disaster {vorpal, Fragile rF+++ rC- Str+8}
rCold   x . .      Faith    .    c - +0 buckler
rNeg    . . .      Spirit   .    e - +0 plate armour
rPois   .          Reflect  .    g - +1 helmet
rElec   .          Harm     .    (no cloak)
rCorr   .          Rampage  .    (no gloves)
Will    .....                    h - +2 pair of boots
Stlth   ..........               (no amulet)
HPRegen 0.33/turn                m - ring of protection from fire
MPRegen 0.12/turn                (no ring)

@: on berserk cooldown, slowed, very slow
A: no striking features
a: Renounce Religion, Heroism


You were in a bailey.
You worshipped Okawaru.
Okawaru was aware of your devotion.
You visited 2 branches of the dungeon, and saw 8 of its levels.
You also visited: Bailey.

You collected 378 gold pieces.

Inventory:

Hand Weapons
 d - the +7 falchion of Disaster (weapon) {vorpal, Fragile rF+++ rC- Str+8}
   (You acquired it on level 5 of the Dungeon)

   It inflicts extra damage upon your enemies.
   Str:       It affects your strength (+8).
   rF:        It renders you almost immune to fire.
   rC:        It makes you vulnerable to cold.
   Fragile:   It will be destroyed if unequipped.
 q - a +0 falchion of draining
Missiles
 k - 19 stones (quivered)
Armour
 c - a +0 buckler (worn)
 e - a +0 plate armour (worn)
 g - a +1 helmet (worn)
 h - a +2 pair of boots (worn)
Jewellery
 f - a ring of protection from cold
 m - a ring of protection from fire (left hand)
 t - an amulet of guardian spirit
Wands
 a - a wand of charming (6)
 r - a wand of digging (2)
 u - a wand of light (6)
Scrolls
 b - a scroll of magic mapping
 l - 6 scrolls of teleportation
 v - a scroll of butterflies {unknown}
 y - 3 scrolls of enchant weapon
Potions
 i - 2 potions of heal wounds
 j - 2 potions of flight
 n - 2 potions of curing {unknown}
 o - 2 potions of berserk rage
 p - 2 potions of degeneration
 s - a potion of brilliance {unknown}
 w - a potion of haste {unknown}


   Skills:
 + Level 7.7 Fighting
 * Level 10.3 Long Blades
 + Level 7.7 Armour
 - Level 3.0 Shields


You had 9 spell levels left.
You didn't know any spells.
Your spell library contained the following spells:

 Spells                   Type           Power      Damage    Failure   Level
 Apportation              Tloc           0%         N/A       100%        1
 Necrotise                Necr           0%         1d4       100%        1
 Scorch                   Fire           0%         2d5       100%        2
 Ozocubu's Armour         Ice            0%         N/A       100%        3
 Vampiric Draining        Necr           0%         2d6       100%        3
 Flame Wave               Conj/Fire      0%         2d4       100%        4
 Agony                    Necr           0%         N/A       100%        5
 Chain Lightning          Conj/Air       0%         N/A       100%        9
 Fire Storm               Conj/Fire      0%         5d1       100%        9
 Shatter                  Erth           0%         3d5*      100%        9
 Summon Small Mammal      Summ           Unusable   N/A       N/A         1
 Call Canine Familiar     Summ           Unusable   N/A       N/A         3
 Summon Guardian Golem    Hex/Summ       Unusable   N/A       N/A         3
 Summon Ice Beast         Ice/Summ       Unusable   N/A       N/A         4
 Summon Cactus Giant      Summ           Unusable   N/A       N/A         6

Dungeon Overview and Level Annotations

Branches:
Dungeon (7/15)             Temple (1/1) D:6          Bailey (1/1)

Altars:
Dithmenos
Elyvilon
Fedhas
Hepliaklqana
Makhleb
Okawaru
Qazlal
Ru
Sif Muna
Uskayaw
Wu Jian
Xom
Zin
The Shining One

Annotations:
D:6 2 transporters
D:7 1 runed translucent door, LnG's ghost, novice KoSu


Message History

The orc knight hits you but does no damage.
The orc knight hits you from afar with a +0 glaive.
You closely miss the orc knight.
The orc knight is lightly wounded.
You hit the orc knight but do no damage.
The orc knight is lightly wounded.
You block the orc warrior's attack. You block the orc knight's attack.
The orc knight hits you but does no damage.
You slash the orc knight!
The orc knight is moderately wounded.
You completely miss the orc knight.
The orc knight is moderately wounded.
The orc warrior hits you with a +0 glaive!!
The orc knight roars a battlecry!
The orc knight goes into a battle-frenzy!
The orc knight hits you but does no damage.
You slash the orc knight!
The orc knight is heavily wounded.
You hit the orc knight.
The orc knight is severely wounded.
The orc warrior hits you but does no damage.
The orc knight hits you with a +0 halberd.
The orc knight hits you but does no damage.
You hit the orc knight.
The orc knight is severely wounded.
You hit the orc knight but do no damage.
The orc knight is severely wounded.
You block the orc warrior's attack. You block the orc knight's attack.
The orc knight barely misses you.
You barely miss the orc knight.
The orc knight is severely wounded.
You hit the orc knight.
The orc knight is almost dead.
You are no longer berserk.
You are exhausted.
You feel yourself slow down.
The orc warrior hits you with a +0 glaive!
* * * LOW HITPOINT WARNING * * *
The orc knight hits you with a +0 halberd!!
You die...

..........##'''#..##.............
......##..##∩.o##..#.............
......##.####o####o##............
......##.')#.o.#)'.##............
......##.###._.###.##............
......##.'.#).)#)'.##............
......##.#########.##............
.......#..##)#)##oo#.............
.......##..#'#'#@o##.............
........##......)##..............
≈≈.≈≈≈...#########...≈≈≈.≈≈......
≈#.##≈......###......≈##)#≈≈.....
##.∩#≈...............≈#∩)##≈.....
#..))))...................#≈.....
##.##≈...............≈##.##≈.....
≈###≈≈...............≈≈###≈≈.....
≈≈≈≈≈.................≈≈≈≈≈......


You could see 2 orc knights and an orc warrior (strong).

Vanquished Creatures
  An orc knight (Bailey)
  Eustachio (D:6)
  An acid dragon (D:5)
  A water moccasin (D:4)
  7 orc warriors (Bailey)
  2 ice beasts
  4 black bears
  2 centaurs
  2 ogres
  A bullfrog (D:7)
  4 scorpions
  2 necrophages
  4 hounds
  6 orc priests
  8 orc wizards
  2 iguanas
  7 adders
  6 gnolls
  3 white imps
  A worm (D:3)
  A dart slug (D:2)
  40 orcs
  9 ball pythons
  3 bats
  6 endoplasms
  3 giant cockroaches
  6 goblins
  4 hobgoblins
  4 jackals (D:2)
  10 kobolds
  3 quokkas
  5 frilled lizards
  3 rats
162 creatures vanquished.

Notes
Turn   | Place    | Note
-------+----------+-------------------------------------------
     0 | D:1      | ryw the Human Fighter began the quest for the Orb.
     0 | D:1      | Reached XP level 1. HP: 18/18 MP: 1/1
   413 | D:1      | Got the Vademecum on Congealing Shadows
   453 | D:1      | Reached XP level 2. HP: 24/24 MP: 2/2
   552 | D:1      | Found a faded altar of an unknown god.
  1023 | D:2      | Reached XP level 3. HP: 19/29 MP: 3/3
  1126 | D:2      | Reached skill level 3 in Long Blades
  1276 | D:2      | Reached XP level 4. HP: 29/35 MP: 4/4
  1675 | D:3      | Noticed a scorpion
  1698 | D:3      | Reached XP level 5. HP: 36/42 MP: 5/5
  1874 | D:2      | Reached skill level 4 in Long Blades
  1954 | D:3      | Reached XP level 6. HP: 43/48 MP: 6/6
  2529 | D:4      | Reached skill level 5 in Long Blades
  2785 | D:4      | Reached XP level 7. HP: 55/55 MP: 7/7
  3752 | D:4      | Reached skill level 6 in Long Blades
  3752 | D:4      | Reached skill level 5 in Armour
  3891 | D:5      | Entered Level 5 of the Dungeon
  3904 | D:5      | Reached skill level 5 in Fighting
  3904 | D:5      | Reached XP level 8. HP: 56/62 MP: 8/8
  4247 | D:4      | Reached skill level 7 in Long Blades
  4778 | D:5      | Reached XP level 9. HP: 42/69 MP: 9/9
  4879 | D:5      | Reached skill level 8 in Long Blades
  5165 | D:6      | Found a transporter.
  5178 | D:6      | Noticed a kobold demonologist
  5834 | D:6      | Noticed Eustachio
  6105 | D:5      | Identified a scroll of acquirement
  6105 | D:5      | Acquired the +7 falchion of Disaster {vorpal, Fragile rF+++
                  | rC- Str+8}
  6185 | D:6      | Killed Eustachio
  6264 | D:6      | Found a transporter.
  6327 | D:6      | Found a staircase to the Ecumenical Temple.
  6336 | Temple   | Entered the Ecumenical Temple
  6584 | Temple   | Became a worshipper of Warmaster Okawaru
  6837 | D:7      | Found a runed translucent door.
  6844 | D:7      | Noticed LnG's ghost (novice KoSu)
  6852 | D:7      | Reached skill level 9 in Long Blades
  7055 | D:7      | Found a flagged portal.
  7093 | Bailey   | Entered a bailey
  7270 | Bailey   | Reached * piety under Okawaru
  7271 | Bailey   | Reached XP level 10. HP: 61/79 MP: 10/10
  7650 | Bailey   | Noticed an orc knight
  7650 | Bailey   | Noticed an orc knight
  7650 | Bailey   | Noticed an orc knight
  7673 | Bailey   | Killed an orc knight
  7674 | Bailey   | Reached skill level 10 in Long Blades
  7685 | Bailey   | Mangled by an orc knight

Illustrated notes

Levels and vault maps discovered:
D:1:      elethiomel_arrival_maze, layout_loops_ring,
          shapermc_ecumenical_altar_totnotflames
D:2:      layout_loops_ring, minmay_tetromino_o2
D:3:      layout_basic, st_stairs_2
D:4:      layout_basic, eino_tiny_chamber, interstate_on_off
D:5:      minmay_evil_eye, layout_rooms, minmay_small_thing
D:6:      gammafunk_wand_slinger, layout_loops_ring, minmay_temple_entry_waves,
          st_stairs_3, uniq_eustachio
D:7:      layout_rooms, enter_bailey_8, ebering_ghost_reflecting_pool
Temple:   mainiacjoe_temple_big_plus
Bailey:   bailey_polearm_2, bailey

Skill      XL: |  1  2  3  4  5  6  7  8  9 10 |
---------------+-------------------------------+-----
Long Blades    | 3 4 5 6 7 9 10 | 10.3
Armour         | 4 5 6 7 |  7.7
Fighting       | 4 5 6 7 |  7.7
Shields        | |  3.0

Action                   |  1- 3 |  4- 6 |  7- 9 | 10-12 || total
-------------------------+-------+-------+-------+-------++-------
Melee: Long sword        |    89 |    49 |       |       ||   138
       Falchion          |       |   141 |   356 |    50 ||   547
  Use: Potion            |       |     2 |     3 |     1 ||     6
       Scroll            |       |     2 |     6 |     1 ||     9
Armor: Plate armour      |    67 |   199 |   277 |    14 ||   557
Dodge: Dodged            |    14 |    46 |    66 |     8 ||   134
Block: Buckler           |    21 |    51 |    84 |    11 ||   167

Table legend: (Time is in decaauts)
 A = Elapsed time spent in this place.
 B = Non-inter-level travel time spent in this place.
 C = Inter-level travel time spent in this place.
 D = Time resting spent in this place.
 E = Time spent auto-exploring this place.
 F = Levels seen in this place.
 G = Mean time per level.
                   A        B        C        D        E       F      G
               +--------+--------+--------+--------+--------+-----+--------+
         Total |   7723 |   7426 |    297 |   1452 |   4514 |   9 |  858.1 |
       Dungeon |   6876 |   6600 |    276 |   1274 |   4040 |   7 |  982.3 |
        Temple |    273 |    252 |     21 |      0 |    230 |   1 |  273.0 |
        Bailey |    573 |    573 |      0 |    178 |    244 |   1 |  573.0 |
               +--------+--------+--------+--------+--------+-----+--------+

Top non-repeatable levels by time:
     D:4: 1766 daAuts
     D:5: 1302 daAuts
     D:6: 968 daAuts
     D:1: 923 daAuts
     D:3: 888 daAuts
     D:2: 739 daAuts
  Bailey: 573 daAuts
     D:7: 287 daAuts
  Temple: 273 daAuts
